Unix NetHack Version 5.0.0-0 post-release - last build May 17 2026 04:57:42 (dc50c8380fa5e20985bfe3072449f57b8d9895ef,branch:main).

Game began 2026-05-18 22:46:01, ended 2026-05-18 23:03:11.

Drastanta, lawful female human Samurai

            ---- ---
            |..|--.--            ----
            |..|....------------ G...
            --.|...*......dh..@G.-
             |.....---------------
          .  |^....-----
      --  .- |.........-
    --|.  .| ------.--
   --.|.  .|      |.|   .
   |....--.|      |.|   .
   |.......| ---- |>-- .-
     -...<.|--..---..--.|
     |....--|......-....-- ..-
     --.|.|--................|
      --|.||.........^......--
       --.--.-......----..---
       |..)......----    .|
       |..--..----       --
       --------
Drastanta the Ronin    St:14 Dx:17 Co:18 In:9 Wi:10 Ch:6  Lawful
Dlvl:5  $:44 HP:0(50) Pw:20(20) AC:4  Xp:5 T:1494 

Latest messages:
 You kill the gnome lord!
 z - a partly used candle (lit).
 Really step into that spiked pit? [yn] (n) y
 You fall into a pit!
 You land on a set of sharp iron spikes!
 The spikes were poisoned!
 You feel weaker!
 There is a spiked pit here.
 A - a clove of garlic.
 You are still in a pit.
 You are still in a pit.
 You are still in a pit.
 You are still in a pit.
 You are still in a pit.
 You crawl to the edge of the pit.
 Your candle's flame flickers low!
 You climb up the stairs.
 You kill the gnome!
 Hachi eats a tripe ration.
 The gnome king throws 3 daggers!
 The 1st dagger misses the gnome.
 The 1st dagger misses the dwarf.
 The 1st dagger misses you.
 The 2nd dagger hits the gnome.
 The 3rd dagger hits the gnome.
 The gnome wields an aklys!
 The gnome secures the tether on the aklys.
 You swap places with the peaceful dwarf.
 The gnome king wields 2 daggers!
 You feel more confident in your weapon skills.
 You kill the gnome!
 Your candle is consumed!
 Its flame dies.
 The gnome king thrusts one of his daggers.
 The gnome king hits!
 You hit the gnome king.
 The gnome king thrusts one of his daggers.
 The gnome king hits!
 You hit the gnome king!
 Hachi bites the dwarf.
 You hit the gnome king.
 Hachi misses the dwarf.
 The gnome king thrusts one of his daggers.
 The gnome king hits!
 You die...
 Do you want your possessions identified? [ynq] (y) y
 Do you want to see your attributes? [ynq] (y) y
 Do you want an account of creatures vanquished? [ynaq] (y) y
 Do you want to see your conduct and achievements? [ynq] (y) y
 Do you want to see the dungeon overview? [ynq] (y) y

Inventory:
 Coins    ('$')
  $ - 44 gold pieces
 Weapons  (')')
  d - 44 +0 ya (in quiver)
  c - a +0 yumi (alternate weapon; not wielded)
  a - a very rusty very corroded +0 katana (weapon in right hand)
  b - a blessed +0 wakizashi
 Armor    ('[')
  v - an uncursed +0 pair of iron shoes
  w - a blessed +2 dwarvish cloak
  e - an uncursed rustproof +0 splint mail (being worn)
 Comestibles  ('%')
  g - 2 uncursed slime molds
  A - an uncursed clove of garlic
  f - an uncursed gunyoki
  n - an uncursed pancake
  l - an uncursed lichen corpse
 Scrolls  ('?')
  x - an uncursed scroll of enchant armor
  i - an uncursed scroll of light
  o - an uncursed scroll of magic mapping
  r - an uncursed scroll of remove curse
 Spellbooks  ('+')
  h - an uncursed spellbook of light
 Potions  ('!')
  u - an uncursed potion of paralysis
  y - an uncursed potion of sleeping
 Wands    ('/')
  j - a wand of undead turning (0:7)
 Tools    ('(')
  s - an uncursed osaku
  t - an uncursed tallow candle
  q - an uncursed tin whistle

Drastanta the Samurai's attributes:

Background:
 You were a Ronin, a level 5 female human Samurai.
 You were lawful, on a mission for Amaterasu Omikami
 who was opposed by Raijin (neutral) and Susanowo (chaotic).
 You were right-handed.
 You were in the Gnomish Mines, on level 5.
 You entered the dungeon 1494 turns ago.
 It was nighttime.
 There was a new moon in effect when your adventure ended.
 You had 305 experience points, 15 more were needed to attain level 6.

Basics:
 You had 0 out of 50 hit points.
 You had all 20 energy points (spell power).
 Your armor class was 4.
 Your wallet contained 44 zorkmids.
 Autopickup was off.

Final Characteristics:
 Your strength was 14 (peak:16, limit:18/100).
 Your dexterity was 17 (limit:18).
 Your constitution was 18 (limit:18).
 Your intelligence was 9 (limit:18).
 Your wisdom was 10 (limit:18).
 Your charisma was 6 (limit:18).

Final Status:
 You weren't hungry.
 You were unencumbered.
 You were wielding a long sword.
 You had basic skill with long sword and could have enhanced that.

Final Attributes:
 You were devoutly aligned.
 You were warded.
 You were fast.
 You are dead.

Miscellaneous:
 You didn't encounter any bones levels.
 Total elapsed playing time was 17 minutes and 9 seconds.

Major events:
 Turn
    1: Drastanta the lawful female human Samurai entered the dungeon
  562: entered the Gnomish Mines
  773: attained the rank of Ronin (level 3)
 1313: reached Mine Town
 1494: killed by a gnome king

You didn't know any spells.

Skills:
 Fighting Skills
   martial arts      [Basic]
   two weapon combat [Unskilled]
   riding            [Unskilled]
 Weapon Skills
   dagger            [Unskilled]
   knife             [Unskilled]
   short sword       [Basic]
   broadsword        [Unskilled]
   long sword        [Basic]
   two-handed sword  [Unskilled]
   saber             [Unskilled]
   flail             [Unskilled]
   quarterstaff      [Unskilled]
   polearms          [Unskilled]
   spear             [Unskilled]
   lance             [Unskilled]
   bow               [Basic]
   shuriken          [Unskilled]
 Spellcasting Skills
   attack spells     [Unskilled]
   divination spells [Unskilled]
   clerical spells   [Unskilled]

Voluntary challenges:
 Character rerolling was not enabled.
 You were illiterate.
 You never genocided any monsters.
 You never polymorphed an object.
 You never changed form.
 You used no wishes.
Achievements:
 You entered the Gnomish Mines.
 You attained the rank of Ronin.
 You entered Minetown.
 You entered a temple.

 The Dungeons of Doom: levels 1 to 3
    Level 1:
    Level 2:
    Level 3:
       A fountain.
       Stairs down to The Gnomish Mines.
 The Gnomish Mines: levels 4 to 8
    Level 4:
    Level 5: <- You were here.
       Final resting place for
          you, killed by a gnome king.
    Level 6:
    Level 7:
       A temple and an altar, some fountains.
    Level 8:


Vanquished creatures:
  3 gnome leaders
  2 gnomish wizards
  a giant ant
  a floating eye
  a dwarf
  2 dwarf zombies
  a wererat
  a werejackal
  2 acid blobs
  2 giant rats
  2 cave spiders
  2 brown molds
 19 gnomes
  3 geckos
  4 jackals
  a fox
  a sewer rat
  4 grid bugs
  4 lichens
  3 newts
59 creatures vanquished.

No species were genocided or became extinct.

Game over:
                       ----------
                      /          \
                     /    REST    \
                    /      IN      \
                   /     PEACE      \
                  /                  \
                  |    Drastanta     |
                  |      44 Au       |
                  |   killed by a    |
                  |    gnome king    |
                  |                  |
                  |                  |
                  |       2026       |
                 *|     *  *  *      | *
        _________)/\\_//(\/(/\)/\//\/|_)_______

Sayonara Drastanta the Samurai...

You died in The Gnomish Mines on dungeon level 5 with 1610 points,
and 44 pieces of gold, after 1494 moves.
You were level 5 with a maximum of 50 hit points when you died.

